 Dungeon Crawl Stone Soup version 0.31.0-12-g77e489cdc1 (webtiles) character file.

Game seed: 6691296061991417292

178 Silvore the Covered (level 5, 0/41 HPs)
             Began as a Demonspawn Fighter on Feb 17, 2024.
             Slain by a hound simulacrum (3 damage)
             ... on level 3 of the Dungeon.
             The game lasted 00:02:38 (1785 turns).

Silvore the Covered (Demonspawn Fighter)            Turns: 1785, Time: 00:02:38

Health: 0/41       AC: 10    Str: 18    XL:     5   Next: 32%
Magic:  5/5        EV:  7    Int:  9    God:
Gold:   102        SH:  6    Dex: 18    Spells: 4/4 levels left

rFire   . . .        a - +1 long sword
rCold   . . .        c - +1 buckler
rNeg    . . .        m - +0 chain mail
rPois   .            (helmet restricted)
rElec   .            g - +0 cloak
rCorr   .            (no gloves)
SInv    .            (no boots)
Will    .....        (no amulet) Stlth
                     e - +6 ring of dexterity
HPRegen 0.26/turn    (no ring)
MPRegen 0.09/turn

%: no passive effects
@: mighty
A: horns 2, spiny 1, demonic magic 1
a: no special abilities


You were on level 3 of the Dungeon.
You visited 1 branch of the dungeon, and saw 3 of its levels.

You collected 102 gold pieces.

Inventory:

Hand Weapons
 a - a +1 long sword (weapon)
Armour
 b - a +0 scale mail
 c - a +1 buckler (worn)
 g - a +0 cloak (worn)
 m - a +0 chain mail (worn)
Jewellery
 e - a +6 ring of dexterity (left hand)
Wands
 h - a wand of paralysis (12)
Scrolls
 f - a scroll of vulnerability
Potions
 i - a potion of degeneration
 j - a potion of resistance {unknown}
 l - a potion of lignification {unknown}


   Skills:
 + Level 3.5 Fighting
 + Level 3.4 Long Blades
 + Level 3.7 Armour
 + Level 0.5 Dodging
 + Level 3.3 Shields


You had 4 spell levels left.
You didn't know any spells.
Your spell library was empty.

Dungeon Overview and Level Annotations

Branches:
Dungeon (3/15)

Altars:


Innate Abilities, Weirdness & Mutations

You have a pair of horns on your head.
You are partially covered in sharp spines.
Spells you cast may paralyse adjacent enemies.


Message History

The water moccasin simulacrum is struck by your spines.
The water moccasin simulacrum bites you but does no damage.
You slash cdecastro's ghost! Your headbutt misses cdecastro's ghost.
Cdecastro's ghost is almost destroyed.
You block the hound simulacrum's attack.
You block cdecastro's ghost's attack.
The water moccasin simulacrum bites you but does no damage.
Unknown command.
You slash cdecastro's ghost!
You destroy cdecastro's ghost!
The hound simulacrum closely misses you.
You block the water moccasin simulacrum's attack.
The hound simulacrum bites you but does no damage.
The quokka simulacrum barely misses you.
You block the water moccasin simulacrum's attack.
You completely miss the water moccasin simulacrum.
The water moccasin simulacrum is almost destroyed.
The hound simulacrum is struck by your spines.
The hound simulacrum bites you but does no damage.
The water moccasin simulacrum bites you but does no damage.
The quokka simulacrum closely misses you.
The hound simulacrum is struck by your spines.
The hound simulacrum bites you but does no damage.
You slash the quokka simulacrum!
The quokka simulacrum vaporises!
You block the water moccasin simulacrum's attack.
The hound simulacrum bites you but does no damage.
The water moccasin simulacrum bites you.
* * * LOW HITPOINT WARNING * * *
The water moccasin simulacrum freezes you!
* * * LOW HITPOINT WARNING * * *
The hound simulacrum barely misses you.
Unknown command.
Okay, then.
This is a scroll of acquirement!
Something appears at your feet!
You block the quokka simulacrum's attack.
You block the water moccasin simulacrum's attack.
The hound simulacrum bites you.
You die...

. J. ### .#
###Z.####.
##.@Z...... #
#...Z....## #
#.##..#...... .#.
#..#..#...=.. ..#.
#....#..##.....
#..#
#.#(.#...###?$##.)#
.# # ##
##....####...#..
#..........##.# #
##.........#..# #


You could see a water moccasin simulacrum, a quokka simulacrum and a hound
simulacrum.

Vanquished Creatures
  The ghost of cdecastro the Ruffian, a weakling DrSh (D:3)
  A bombardier beetle (D:3)
  A hound (D:2)
  A gnoll (D:1)
  4 dart slugs (D:1)
  2 ribbon worms (D:2)
  6 endoplasms
  6 goblins
  4 hobgoblins
  2 jackals (D:2)
  5 kobolds
  3 quokkas (D:1)
  5 ball pythons (D:1)
  7 bats
  2 frilled lizards (D:1)
  A giant cockroach simulacrum (D:3)
  A quokka simulacrum (D:3)
  A rat (D:1)
53 creatures vanquished.

Notes
Turn   | Place    | Note
-------+----------+-------------------------------------------
     0 | D:1      | Silvore the Demonspawn Fighter began the quest for the Orb.
     0 | D:1      | Reached XP level 1. HP: 18/18 MP: 1/1
   105 | D:1      | Gained mutation: You are partially covered in sharp spines.
                  | [demonic ancestry]
   105 | D:1      | Reached XP level 2. HP: 24/24 MP: 2/2
   194 | D:1      | Found a faded altar of an unknown god.
   375 | D:1      | Gained mutation: You have a pair of small horns on your
                  | head. [demonic ancestry]
   375 | D:1      | Reached XP level 3. HP: 29/29 MP: 3/3
   481 | D:1      | You fall into a shaft and drop 1 floor!
  1052 | D:2      | Gained mutation: You have a pair of horns on your head.
                  | [demonic ancestry]
  1052 | D:2      | Reached XP level 4. HP: 35/35 MP: 4/4
  1702 | D:3      | Found a runed translucent gate.
  1702 | D:3      | Found a runed translucent gate.
  1703 | D:3      | Found a runed translucent gate.
  1771 | D:3      | Gained mutation: Spells you cast may paralyse adjacent
                  | enemies. [demonic ancestry]
  1771 | D:3      | Reached XP level 5. HP: 41/41 MP: 5/5
  1772 | D:3      | Noticed cdecastro's ghost (weakling DrSh)
  1782 | D:3      | Killed cdecastro's ghost
  1785 | D:3      | Identified a scroll of acquirement
  1785 | D:3      | Acquired a +1 pair of boots of flying
  1785 | D:3      | Slain by a hound simulacrum

Illustrated notes

Levels and vault maps discovered:
D:1:      matt_arrival_los_fun, layout_loops_ring,
          hellmonk_ecumenical_altar_run_dry, minmay_misc_feat_doors,
          hangedman_decor_points, minmay_split_cup_small
D:2:      layout_basic, chequers_serial_rivers_small_3
D:3:      layout_loops_ring, gammafunk_ghost_icy, serial_shops, shop,
          lexackson_kobold_supper

Skill      XL: |  1  2  3  4 |
---------------+-------------+-----
Shields        | 3 |  3.3
Armour         | 3 |  3.7
Long Blades    | 2 3 |  3.4
Fighting       | |  3.5
Dodging        | |  0.5

Action                     |  1- 3 |  4- 6 || total
---------------------------+-------+-------++-------
  Melee: Long sword        |    84 |    28 ||   112
         Headbutt          |     8 |     1 ||     9
    Use: Scroll            |     6 |     2 ||     8
         Potion            |       |     1 ||     1
 Armour: Scale mail        |    46 |       ||    46
         Chain mail        |    15 |    27 ||    42
  Dodge: Dodged            |    42 |    11 ||    53
  Block: Buckler           |    20 |    18 ||    38
